 Dungeon Crawl Stone Soup version 0.17.0-28-g6e173f8 (webtiles) character file.

42639 PossumBlood the Bludgeoner (level 13, -2/119 HPs)
             Began as a Minotaur Fighter on Dec 2, 2015.
             Succumbed to Agnes's poison
             ... on level 14 of the Dungeon.
             The game lasted 00:51:26 (15290 turns).

PossumBlood the Bludgeoner (Minotaur Fighter)      Turns: 15290, Time: 00:51:27

Health: -2/119     AC: 22    Str: 24    XL:     13   Next: 86%
Magic:  12/12      EV: 13    Int:  5    God:
Gold:   1009       SH: 14    Dex: 16    Spells: 0 memorised, 12 levels left

rFire  + . .     SeeInvis .     i - +4 flail (drain)
rCold  . . .     Clarity  .     s - +2 plate armour
rNeg   . . .     SustAt   .     c - +1 shield
rPois  .         Gourm    .     (helmet restricted)
rElec  +         Spirit   .     Y - +0 cloak
rCorr  .         Warding  .     (no gloves)
rMut   .         Stasis   .     W - +2 pair of boots
MR     .....                    f - amulet of faith
Stlth  ..........               L - ring "Ziathroo" {rElec rF+}
                                a - +4 ring of dexterity

@: lethally poisoned (-2 -> -87), not resistant to hostile enchantments,
extremely unstealthy
A: retaliatory headbutt, horns 2
a: no special abilities


You were on level 14 of the Dungeon.
You were full.

You visited 1 branch of the dungeon, and saw 14 of its levels.

You collected 1009 gold pieces.

Inventory:

Hand Weapons
 i - a +4 flail of draining (weapon)
 y - a +2 whip of flaming
 B - a +0 broad axe
 Z - a +2 demon trident
Missiles
 A - 5 javelins of returning (quivered)
Armour
 c - a +1 shield (worn)
 p - the +3 chain mail of Miurhy {rElec Int+3 Stlth+}
   (You found it on level 10 of the Dungeon)

   It affects your intelligence (+3).
   It insulates you from electricity.
   It makes you more stealthy.
 s - a +2 plate armour (worn)
 W - a +2 pair of boots (worn)
 Y - a +0 cloak (worn)
Rods
 J - a +0 rod of clouds (14/14)
   (You found it on level 7 of the Dungeon)
Jewellery
 a - a +4 ring of dexterity (left hand)
 f - an amulet of faith (around neck)
 h - an uncursed ring of protection from fire
 K - an uncursed ring of protection from cold
 L - the ring "Ziathroo" (right hand) {rElec rF+}
   (You found it on level 8 of the Dungeon)

   [ring of protection from fire]

   It protects you from fire.
   It insulates you from electricity.
 M - an uncursed ring of see invisible
Wands
 r - a wand of heal wounds (5)
 u - a wand of confusion (32)
 v - a wand of polymorph (7)
 x - a wand of confusion (20)
 z - a wand of fireball (4)
 D - a wand of fireball (8)
 H - a wand of slowing (25)
 I - a wand of draining (11)
 Q - a wand of cold (6)
 S - a wand of digging (7)
 V - a wand of frost (30)
 X - a wand of lightning (8)
Scrolls
 j - 4 scrolls of fog
 l - 2 scrolls of recharging
 n - 6 scrolls of remove curse
 o - 7 scrolls of identify
 t - 2 scrolls of teleportation
 F - a scroll of enchant weapon
 N - 6 scrolls of fear
 P - a scroll of amnesia
Potions
 d - 4 potions of brilliance {unknown}
 w - 2 potions of agility
 C - a potion of resistance
 E - a potion of ambrosia {unknown}
 R - a potion of might
 U - a potion of cancellation
Books
 g - a book of Air

   Spells                             Type                      Level
   a - Shock                          Conjuration/Air              1
   b - Swiftness                      Charms/Air                   2
   c - Repel Missiles                 Charms/Air                   2
   d - Static Discharge               Conjuration/Air              3
   e - Lightning Bolt                 Conjuration/Air              5
 q - a book of Transfigurations

   Spells                             Type                      Level
   a - Stoneskin                      Transmutation/Earth          2
   b - Irradiate                      Conjuration/Transmutation    5
   c - Statue Form                    Transmutation/Earth          6
   d - Hydra Form                     Transmutation                6
   e - Dragon Form                    Transmutation                7
 G - a book of Enchantments

   Spells                             Type                      Level
   a - Cause Fear                     Hexes                        4
   b - Silence                        Hexes/Air                    5
   c - Deflect Missiles               Charms/Air                   6
   d - Haste                          Charms                       6
   e - Discord                        Hexes                        8
 O - a book of Death

   Spells                             Type                      Level
   a - Corpse Rot                     Necromancy                   2
   b - Sublimation of Blood           Necromancy                   2
   c - Agony                          Necromancy                   5
   d - Dispel Undead                  Necromancy                   5
   e - Excruciating Wounds            Charms/Necromancy            5
   f - Bolt of Draining               Conjuration/Necromancy       5
 T - a book of Unlife

   Spells                             Type                      Level
   a - Recall                         Summoning/Translocation      3
   b - Animate Dead                   Necromancy                   4
   c - Control Undead                 Necromancy                   4
   d - Cigotuvi's Embrace             Necromancy                   5
   e - Death Channel                  Necromancy                   6
   f - Simulacrum                     Ice/Necromancy               6
Miscellaneous
 b - an ornate deck of summoning
Comestibles
 e - 3 bread rations
 k - 4 meat rations
 m - 12 beef jerkies


   Skills:
 + Level 12.6 Fighting
 + Level 15.5 Maces & Flails
 + Level 12.4 Armour
 + Level 11.0 Dodging
 + Level 12.5 Shields


You had 12 spell levels left.
You didn't know any spells.

Dungeon Overview and Level Annotations

Branches:
Dungeon (14/15)              Lair (0/8) D:11            Orc (0/4) D:11
 Vaults (0/5) D:13
 Temple: D:4-7

Altars:
Dithmenos
Nemelex Xobeh
Sif Muna
Vehumet
Xom
The Shining One

Shops:
D:5 *

Portals:
Trove: D:11 (give 20 scrolls of identify)


Innate Abilities, Weirdness & Mutations

You reflexively headbutt those who attack you in melee.
You have a pair of horns on your head.


Message History

You miss Agnes.
Agnes is severely wounded.
* * * LOW HITPOINT WARNING * * *
You feel very sick.
Agnes hits you with a lajatang of venom!
* * * LOW HITPOINT WARNING * * *
You are more poisoned.
You block Agnes's attack.
Drink which item? (? for menu, Esc to quit)
Okay, then.
You completely miss Agnes. You headbutt Agnes!
Agnes is almost dead.
* * * LOW HITPOINT WARNING * * *
You feel very sick. You block Agnes's attack.
A black bear comes into view.
You sock Agnes!
You kill Agnes!
Your Dodging skill increases to level 11!
You die...

......... ...
.........h......... #.
...........#......# #
...........♣#.....# #
...........#......# #
..................## ##
...................####.
.!......................
......†@................
.......)...#..##........
.........####..#........
.........# ##..........
##.......# .#.....#...
.......... .......#♣#..
.......... ....### ###
........... #...#
.......


You could see a black bear.

Vanquished Creatures
  Agnes (D:14)
  Maud (D:14)
  2 vault guards (D:13)
  Erolcha (D:8)
  6 hydras
  2 centaur warriors (D:13)
  A catoblepas (D:13)
  2 unseen horrors
  4 necromancers (D:13)
  Pikel (D:5)
  6 ugly things
  3 hill giants
  A cyclops (D:11)
  The ghost of Kloppie the Zephyrmancer, a novice HEAE of Vehumet (D:8)
  A centaur zombie (D:11)
  A manticore (D:11)
  3 gargoyles
  A yaktaur (D:13)
  A redback zombie (D:13)
  An efreet (D:13)
  2 kobold demonologists (D:13)
  2 komodo dragons
  5 trolls
  3 two-headed ogres
  4 slime creatures (D:12)
  Grinder (D:5)
  A trapdoor spider (D:11)
  A vampire (D:13)
  The ghost of onono the Covert, an amateur SpEn (D:4)
  Sigmund (D:5)
  26 yaks
  4 deep elf magi
  3 hungry ghosts
  A wraith (D:12)
  19 humans (D:13)
  A steam dragon (D:12)
  Grum (D:8)
  2 hippogriffs
  3 soldier ants
  2 water moccasins
  3 wolves (D:8)
  A black bear (D:7)
  4 wargs (D:12)
  8 spiders (D:10)
  5 sky beasts
  7 orc warriors
  2 necrophages
  2 phantoms
  10 ogres
  A big kobold (D:13)
  11 centaurs
  A slave (D:5)
  3 ice beasts
  A brain worm (D:8)
  11 giant frogs
  5 scorpions
  5 killer bees (D:10)
  9 wights (D:8)
  4 jellies
  A quasit (D:10)
  An electric eel (D:12)
  3 crimson imps
  4 orc priests
  8 hounds
  8 iguanas
  A centaur skeleton (D:4)
  A giant frog zombie (D:10)
  2 giant frog skeletons
  13 orc wizards
  7 worker ants
  A killer bee zombie (D:8)
  3 hound zombies
  3 hound skeletons
  3 gnolls (D:4)
  13 adders
  3 shadow imps
  An adder skeleton (D:4)
  4 worms
  8 giant geckos
  45 orcs
  A hobgoblin (D:1)
  6 jackals
  3 quokkas
  A ball python (D:3)
  7 bats
  8 giant cockroaches
  A giant cockroach zombie (D:6)
  5 giant newts
  A goblin skeleton (D:7)
  A goblin zombie (D:7)
  2 hobgoblin zombies (D:7)
  A jackal skeleton (D:3)
  A jackal zombie (D:6)
  8 kobolds
  2 kobold zombies (D:7)
  An orc skeleton (D:7)
  An orc zombie (D:7)
  A quokka skeleton (D:6)
  7 rats
  23 plants (D:11)
430 creatures vanquished.

Vanquished Creatures (others)
  A water moccasin skeleton (D:5)
  A crimson imp (D:5)
  A worker ant (D:13)
  A quokka (D:5)
  A giant cockroach (D:5)
  7 plants (D:11)
12 creatures vanquished.

Grand Total: 442 creatures vanquished

Notes
Turn   | Place    | Note
--------------------------------------------------------------
     0 | D:1      | PossumBlood the Minotaur Fighter began the quest for the Orb.
     0 | D:1      | Reached XP level 1. HP: 19/19 MP: 0/0
   307 | D:1      | Reached XP level 2. HP: 27/27 MP: 1/1
   660 | D:2      | Found a faded altar to an unknown god.
  1279 | D:3      | Reached skill level 4 in Fighting
  1279 | D:3      | Reached XP level 3. HP: 33/33 MP: 2/2
  1348 | D:3      | Reached XP level 4. HP: 36/40 MP: 3/3
  1861 | D:4      | Noticed onono's ghost (amateur SpEn)
  1878 | D:4      | Reached skill level 1 in Dodging
  1884 | D:4      | Killed onono's ghost
  1884 | D:4      | Reached skill level 5 in Maces & Flails
  1884 | D:4      | Reached XP level 5. HP: 45/47 MP: 4/4
  1884 | D:4      | Reached XP level 6. HP: 50/53 MP: 5/5
  2217 | D:4      | Noticed a sky beast
  2230 | D:4      | Killed a sky beast
  2230 | D:4      | Reached skill level 5 in Armour
  2230 | D:4      | Reached skill level 5 in Shields
  2550 | D:4      | Reached skill level 5 in Fighting
  2590 | D:4      | Reached XP level 7. HP: 61/61 MP: 6/6
  2729 | D:4      | Reached skill level 6 in Maces & Flails
  2856 | D:5      | Entered Level 5 of the Dungeon
  3037 | D:5      | Noticed Pikel
  3051 | D:5      | Killed Pikel
  3051 | D:5      | Reached skill level 7 in Maces & Flails
  3051 | D:5      | Reached XP level 8. HP: 59/70 MP: 7/7
  3120 | D:5      | Noticed Grinder
  3120 | D:5      | Paralysed by Grinder for 7 turns
  3137 | D:5      | Killed Grinder
  3395 | D:5      | Found Akli's Elemental Accessories.
  3571 | D:5      | Noticed Sigmund
  3578 | D:5      | Killed Sigmund
  3617 | D:6      | Found Boamibb's Food Shop.
  3764 | D:6      | Reached skill level 8 in Maces & Flails
  3790 | D:6      | Found a radiant altar of Vehumet.
  4035 | D:6      | Found a deep blue altar of Sif Muna.
  4144 | D:6      | Found a shadowy altar of Dithmenos.
  4293 | D:7      | Reached XP level 9. HP: 76/78 MP: 8/8
  4321 | D:7      | Found a glowing golden altar of the Shining One.
  4353 | D:7      | Reached skill level 5 in Dodging
  4357 | D:7      | Reached skill level 9 in Maces & Flails
  4768 | D:8      | Got a wavering bronze ring
  4769 | D:8      | Identified the ring "Ziathroo" {rElec rF+} (You found it on level 8 of the Dungeon)
  4810 | D:8      | Noticed Erolcha
  4820 | D:8      | Killed Erolcha
  4820 | D:8      | Reached skill level 10 in Maces & Flails
  4867 | D:8      | Noticed Grum
  4883 | D:8      | Reached XP level 10. HP: 23/88 MP: 9/9
  4886 | D:8      | Killed Grum
  4929 | D:8      | Noticed Kloppie's ghost (novice HEAE)
  4956 | D:8      | Killed Kloppie's ghost
  5641 | D:8      | Found a shimmering altar of Xom.
  5693 | D:8      | Reached skill level 11 in Maces & Flails
  6298 | D:9      | Found a shadowy altar of Dithmenos.
  6433 | D:9      | Gained mutation: You can spit weak poison. [potion of beneficial mutation]
  6489 | D:9      | Found a sparkling altar of Nemelex Xobeh.
  6894 | D:10     | Entered Level 10 of the Dungeon
  7006 | D:10     | Noticed a hill giant
  7023 | D:10     | Killed a hill giant
  7090 | D:10     | Reached skill level 12 in Maces & Flails
  7090 | D:10     | Reached XP level 11. HP: 30/95 MP: 10/10
  7842 | D:10     | Got a jet-encrusted chain mail
  7843 | D:10     | Identified the +3 chain mail of Miurhy {rElec Int+3 Stlth+} (You found it on level 10 of the Dungeon)
  8659 | D:11     | Found a staircase to the Orcish Mines.
  8729 | D:11     | Noticed a seven-headed hydra
  8739 | D:11     | Killed a seven-headed hydra
  8867 | D:11     | Reached skill level 13 in Maces & Flails
  8883 | D:11     | Reached skill level 10 in Shields
  8897 | D:11     | Reached skill level 10 in Armour
  9158 | D:11     | Reached skill level 10 in Fighting
  9317 | D:11     | Found a portal to a secret trove of treasure.
  9339 | D:11     | Found a staircase to the Lair.
 10238 | D:11     | Reached XP level 12. HP: 97/106 MP: 11/11
 10283 | D:11     | Killed an unseen horror
 10467 | D:11     | Noticed a six-headed hydra
 10478 | D:11     | Killed a six-headed hydra
 10858 | D:12     | Reached skill level 14 in Maces & Flails
 10860 | D:12     | HP: 2/108 [very large slime creature (25)]
 11192 | D:12     | Noticed an eight-headed hydra
 11204 | D:12     | Killed an eight-headed hydra
 12669 | D:13     | Noticed a centaur warrior
 12670 | D:13     | Noticed a six-headed hydra
 12680 | D:13     | Killed a centaur warrior
 12683 | D:13     | Noticed a centaur warrior
 12696 | D:13     | Killed a centaur warrior
 12696 | D:13     | Reached XP level 13. HP: 45/116 MP: 12/12
 12733 | D:13     | Killed a six-headed hydra
 12751 | D:13     | HP: 5/116 [necromancer/bolt of fire (14)]
 12755 | D:13     | Reached skill level 10 in Dodging
 13500 | D:13     | Noticed a seven-headed hydra
 13511 | D:13     | Killed a seven-headed hydra
 13855 | D:13     | Reached skill level 15 in Maces & Flails
 14284 | D:13     | Found a gate to the Vaults.
 14284 | D:13     | Noticed a vault guard
 14284 | D:13     | Noticed a vault guard
 14309 | D:13     | Killed a vault guard
 14319 | D:13     | Killed a vault guard
 15201 | D:14     | Noticed Maud
 15219 | D:14     | Killed Maud
 15267 | D:14     | Lost mutation: You can spit weak poison. [potion of cure mutation]
 15273 | D:14     | Noticed Agnes
 15289 | D:14     | HP: 2/119 [poisoned by Agnes]
 15290 | D:14     | Killed Agnes
 15290 | D:14     | Succumbed to Agnes's poison

Action                   |  1- 3 |  4- 6 |  7- 9 | 10-12 | 13-15 || total
-------------------------+-------+-------+-------+-------+-------++-------
Melee: Flail             |    53 |    77 |   250 |   991 |   273 ||  1644
       Whip              |       |       |       |    22 |    40 ||    62
  Use: Scroll            |    13 |     1 |     2 |     9 |    11 ||    36
       Potion            |     2 |     2 |       |    13 |     9 ||    26
  Eat: Bread ration      |     1 |     1 |       |     1 |     2 ||     5
       Meat ration       |       |       |     1 |     1 |       ||     2
       Fruit             |       |       |     2 |     1 |     4 ||     7
       Royal jelly       |       |       |       |     9 |       ||     9
       Pizza             |       |       |       |     1 |       ||     1
